 Dungeon Crawl Stone Soup version 0.20-a0-993-gba41c3c (webtiles) character file.

605740 inmateoo the Executioner (level 27, -4/217 (222) HPs)
             Began as a Formicid Fighter on Apr 11, 2017.
             Was the Champion of the Shining One.
             Killed by divine providence
             ... invoked by a mummy priest
              (14 damage)
             ... on level 1 of the Tomb of the Ancients.
             The game lasted 01:47:30 (53326 turns).

inmateoo the Executioner (Formicid Fighter)        Turns: 53326, Time: 01:47:31

HP:   -4/217 (222)  AC: 34    Str: 33    XL:     27
MP:   23/46         EV: 18    Int: 10    God:    the Shining One [******]
Gold: 3936          SH: 37    Dex: 13    Spells: 6/47 levels left

rFire    + + .     SeeInvis +   Q - +7 executioner's axe (holy)
rCold    + + .     Gourm    .   D - +4 large shield "Bodurotsoe" {MR+ MP+9 Str-4 Stlth+}
rNeg     + + +     Faith    .   k - +5 chain mail "Qurghetie" {rElec rC+ rN+}
rPois    +         Spirit   .   (helmet unavailable)
rElec    +         Reflect  +   I - +0 cloak "Disorgha" {rF+ Dex+3}
rCorr    +         Harm     .   K - +1 pair of gloves of Watchfulness {Str+4}
MR       +++++                  C - +3 pair of boots "Xeylligi" {Slay+2}
Stlth    ..........             T - brooch of Shielding {Reflect SH+8}
Regen    0.0/turn               q - ring "Izafoy" {rPois rN+ MR+++ Str-3 Stlth-}
MPRegen  0.3/turn               s - ring "Zahoesut" {rCorr rC+ Str+4}

@: non-regenerating, diseased, glowing, studying Charms
A: permanent stasis, dig shafts and tunnels, four strong arms, antennae 3,
molten scales 1, slimy green scales 1, fire resistance 1, sense surroundings 1,
poison resistance, shaggy fur 1, electricity resistance, wild magic 1
}: 3/15 runes: decaying, silver, gossamer
a: Dig, Shaft Self, Divine Shield, Cleansing Flame, Summon Divine Warrior,
Renounce Religion


You were on level 1 of the Tomb of the Ancients.
You worshipped the Shining One.
The Shining One was exalted by your worship.
You were not hungry.

You visited 10 branches of the dungeon, and saw 48 of its levels.
You visited 2 bazaars.
You also visited: Labyrinth and Wizlab.

You collected 8995 gold pieces.
You spent 5059 gold pieces at shops.

Inventory:

Hand Weapons
 N - the +9 battleaxe of Battle {chop, rPois Int-2 Dex+3 SInv}
   (You found it in a labyrinth)

   It inflicts extra damage upon your enemies.
   It affects your intelligence (-2).
   It affects your dexterity (+3).
   It protects you from poison.
   It lets you see invisible.
 Q - a +7 executioner's axe of holy wrath (weapon)
Armour
 k - the +5 chain mail "Qurghetie" (worn) {rElec rC+ rN+}
   (You took it off a vault warden on level 5 of the Vaults)

   It protects you from cold.
   It insulates you from electricity.
   It protects you from negative energy.
 C - the +3 pair of boots "Xeylligi" (worn) {Slay+2}
   (Okawaru gifted it to you on level 1 of the Depths)

   It affects your accuracy and damage with ranged weapons and melee attacks
   (+2).
 D - the +4 large shield "Bodurotsoe" (worn) {MR+ MP+9 Str-4 Stlth+}
   (You bought it in a shop on level 8 of the Dungeon)

   It affects your strength (-4).
   It affects your resistance to hostile enchantments.
   It affects your magic capacity (+9).
   It makes you more stealthy.
 I - the +0 cloak "Disorgha" (worn) {rF+ Dex+3}
   (Okawaru gifted it to you on level 6 of the Lair of Beasts)

   It affects your dexterity (+3).
   It protects you from fire.
 K - the +1 pair of gloves of Watchfulness (worn) {Str+4}
   (You bought it in a shop on level 1 of the Elven Halls)

   It affects your strength (+4).
Jewellery
 c - the ring of Feyloywn {rElec rF+ Int+3}
   (You found it on level 1 of the Elven Halls)

   [ring of protection from fire]

   It affects your intelligence (+3).
   It protects you from fire.
   It insulates you from electricity.
 q - the ring "Izafoy" (left hand) {rPois rN+ MR+++ Str-3 Stlth-}
   (You found it on level 3 of the Crypt)

   [ring of positive energy]

   It affects your strength (-3).
   It protects you from poison.
   It protects you from negative energy.
   It affects your resistance to hostile enchantments.
   It makes you less stealthy.
 s - the ring "Zahoesut" (right hand) {rCorr rC+ Str+4}
   (You found it on level 13 of the Dungeon)

   [ring of resist corrosion]

   It affects your strength (+4).
   It protects you from cold.
 A - an uncursed ring of protection from cold
 F - an uncursed ring of protection from magic
 T - the brooch of Shielding (around neck) {Reflect SH+8}
   (You bought it in a shop in a bazaar)

   [amulet of reflection]

   It shields you and reflects attacks.
   It affects your SH (+8).
 W - the amulet of the Four Winds {rN+ MR+++ Clar}
   (You took it off a deep elf elementalist on level 5 of the Vaults)

   [amulet of nothing]

   It protects you from negative energy.
   It affects your resistance to hostile enchantments.
   It protects you against confusion.
Wands
 a - a wand of disintegration (11/24)
 n - a wand of iceblast (7/15)
 t - a wand of paralysis (9/24)
 y - a wand of digging (10/24)
 O - a wand of lightning (7/15)
Scrolls
 d - 11 scrolls of fear
 j - a scroll of holy word
 v - 2 scrolls of summoning
 w - 8 scrolls of recharging
 x - 7 scrolls of fog
 B - 9 scrolls of enchant armour
 H - 10 scrolls of identify
 M - 15 scrolls of amnesia
 S - 6 scrolls of magic mapping
 V - 11 scrolls of remove curse
Potions
 e - 10 potions of might
 h - 3 potions of lignification
 i - 4 potions of cancellation
 l - 16 potions of curing
 m - 4 potions of mutation
 p - 7 potions of flight
 r - 8 potions of agility
 u - 6 potions of ambrosia
 E - 3 potions of resistance
 L - 6 potions of magic
 P - 2 potions of invisibility
 R - 9 potions of brilliance
Books
 b - a book of Fire

   Spells                             Type                      Level
   a - Ignite Poison                  Fire/Transmutation/Poison    3
   b - Fireball                       Conjuration/Fire             5
   c - Bolt of Fire                   Conjuration/Fire             6
   d - Ring of Flames                 Charms/Fire                  7
   e - Ignition                       Fire                         8
 G - a manual of Charms
Comestibles
 f - 29 bread rations
 g - 18 royal jellies
 o - a fruit
 z - 19 meat rations


   Skills:
 - Level 19.4 Fighting
 - Level 23.9 Axes
 - Level 19.0 Armour
 - Level 15.0 Dodging
 - Level 21.0 Shields
 - Level 10.7 Spellcasting
 - Level 7.5 Hexes
 - Level 15.5 Charms
 - Level 5.0 Air Magic
 - Level 13.9 Earth Magic
 + Level 10.9 Invocations


You had 6 spell levels left.
You knew the following spells:

 Your Spells              Type           Power        Failure   Level  Hunger
a - Spectral Weapon       Hex/Chrm       #####...     1%          3    ##.....
b - Silence               Hex/Air        ###.......   86%         5    #####..
c - Deflect Missiles      Chrm/Air       ####......   80%         6    #######
d - Passwall              Tmut/Erth      ####......   4%          2    None
e - Swiftness             Chrm/Air       ####....     1%          2    None
f - Invisibility          Hex            ####....     100%        6    #######
g - Lee's Rapid Deconstr  Erth           #####.....   4%          5    #####..
h - Song of Slaying       Chrm           #####...     1%          2    None
i - Shroud of Golubria    Chrm/Tloc      ####......   4%          2    None
j - Regeneration          Chrm/Necr      ####......   10%         3    ##.....
k - Apportation           Tloc           #.....       43%         1    None
l - Summon Lightning Spi  Summ/Air       ##......     96%         4    ####...


Dungeon Overview and Level Annotations

Branches:
Dungeon (15/15)            Temple (0/1) D:7            Lair (6/6) D:9
  Swamp (4/4) Lair:3       Spider (4/4) Lair:3        Slime (0/5) Lair:6
    Orc (2/2) D:10            Elf (3/3) Orc:2        Vaults (5/5) D:14
  Crypt (3/3) Vaults:2       Tomb (1/3) Crypt:3      Depths (5/5) D:15
    Zot (0/5) Depths:5

Altars:
Ashenzari
Cheibriados
Dithmenos
Fedhas
Makhleb
Okawaru
Ru
Sif Muna
Trog
Uskayaw
The Shining One
Beogh
Jiyva

Shops:
D:8 *}%[   D:10 [**   D:11 %}?:[   Orc:2 *=?!   Elf:1 [   Elf:2 !   Vaults:2 (
Depths:2 }==   Depths:3 %}*[   Depths:4 (

Portals:
Hell: Depths:1 Depths:2 Depths:3 Depths:4 Depths:5
Abyss: Depths:1 Depths:4 Depths:5
Pandemonium: Depths:2 Depths:3
Ziggurat: Depths:3
Trove: Elf:3 (show slimy rune of Zot)

Annotations:
D:9 1 runed door


Innate Abilities, Weirdness & Mutations

You cannot be hasted, slowed, berserked, paralysed or teleported.
You can dig through walls and to a lower floor.
Your four strong arms can wield two-handed weapons with a shield.
You have a pair of large antennae on your head. (SInv)
You are partially covered in molten scales. (AC +2)
You are partially covered in slimy green scales. (AC +2)
Your flesh is heat resistant. (rF+)
You passively map a small area around you.
Your system is resistant to poisons. (rPois)
You are covered in fur. (AC +1)
You are resistant to electric shocks. (rElec)
Your spells are a little harder to cast, but a little more powerful.


Message History

The greater mummy is moderately damaged.
The golden flame engulfs the freezing wraith.
The freezing wraith writhes in agony!
You destroy the freezing wraith!
The golden flame engulfs the fire giant zombie.
The fire giant zombie writhes in agony!
The fire giant zombie is moderately damaged.
The golden flame engulfs the flayed ghost.
The flayed ghost writhes in agony!
The flayed ghost is severely damaged.
You feel somewhat more hungry.
The flayed ghost stares at you with tortured malice.
The greater mummy mumbles some strange words.
The mummy priest calls on the powers of darkness!
The emperor scorpion convulses!
Your body is wracked with pain!
* * * LOW HITPOINT WARNING * * *
The emperor scorpion convulses!
The mummy priest calls down the wrath of its god upon you.
Something smites you!
You die...

> , *#s8.MM8.#*, *
*#....M..# , , ,
,*#....Ms.# , ,
#.8.ZW8z#*, * , ,
#....MMs# , , ,
#.....W.# , { , **
#.8Z§M8.#* *
###....@.s##############
....M...................
,
...Z8...8...............
, , ,
.M..W..).....!..........
, , ,
........................
W.......................
, ,
.....⌠.⌠................
, , ,
........................
.............†..........


You could see 2 greater mummies, 2 emperor scorpions, 4 mummy priests, a flayed
ghost, 2 phantasmal warriors, a guardian mummy, a spectral shadow dragon, a
spectral snapping turtle, a hungry ghost, 2 death scarabs, 2 mummies, a wight
and a fire giant zombie.

Vanquished Creatures
  Mennas (Vaults:2)
  3 juggernauts (Depths:3)
  2 ancient liches (Vaults:5)
  Boris (Vaults:5)
  Margery (Crypt:3)
  Jory (Crypt:3)
  3 golden dragons
  Nikola (Spider:3)
  A bone dragon (Depths:5)
  A Hellbinder (WizLab)
  5 tentacled monstrosities
  Jorgrun (Elf:3)
  4 deep elf blademasters
  7 liches
  4 deep elf master archers
  Asterion (Elf:1)
  2 quicksilver dragons
  4 titans
  12 sphinxes
  Gastronok (D:11)
  4 ancient champions
  3 revenants
  3 thorn hunters
  A draconian monk (Depths:5)
  9 tengu reavers
  Kirke (Lair:4)
  7 shadow dragons
  6 storm dragons
  Roxanne (Elf:1)
  17 frost giants
  11 deep elf sorcerers
  12 fire giants
  4 ghost moths
  An orc warlord (Vaults:4)
  5 iron dragons
  2 balrugs (WizLab)
  Louise (Swamp:4)
  A draconian scorcher (Depths:5)
  10 vault wardens
  A curse skull (Crypt:1)
  9 emperor scorpions
  A spriggan defender (Depths:3)
  2 ghouls (Crypt:1)
  5 deep elf elementalists
  A draconian annihilator (Depths:5)
  3 war gargoyles (Vaults:5)
  An entropy weaver (shapeshifter) (Vaults:5)
  2 reapers
  18 ironheart preservers
  6 entropy weavers
  21 vampire knights
  18 stone giants
  2 caustic shrike skeletons (Depths:4)
  4 bennus (Tomb:1)
  19 very ugly things
  A juggernaut skeleton (Depths:4)
  8 deep elf demonologists
  Nessos (Orc:2)
  12 deep elf annihilators
  A dire elephant (Lair:6)
  3 red draconians (Depths:5)
  Azrael (D:13)
  3 yellow draconians
  6 eidola
  11 spark wasps
  A white draconian (Depths:5)
  3 mummy priests (Tomb:1)
  A minotaur (Lab)
  2 green deaths (WizLab)
  9 deep elf death magi
  16 yaktaur captains
  6 fire dragons
  9 ettins
  5 great orbs of eyes
  A crystal guardian (Vaults:4)
  10 deep elf high priests
  Harold (Lair:3)
  19 hydras
  11 jiangshi
  24 vault guards (Vaults:5)
  2 quicksilver dragon skeletons (Depths:4)
  Erolcha (D:13)
  15 ice dragons
  5 rakshasas
  The ghost of inmateoo the Basher, a journeyman FoFi of Okawaru (D:10)
  2 hell beasts (WizLab)
  6 spriggan air magi
  6 centaur warriors
  6 tengu warriors
  8 death knights
  A merfolk avatar (Lair:6)
  31 dancing weapons
  8 alligators
  18 ogre magi
  81 two-headed ogres
  10 deep troll shamans
  4 deep troll earth magi
  4 death scarabs (Tomb:1)
  9 vampire magi
  A queen ant (Spider:3)
  2 hell hogs (Depths:2)
  3 orc high priests (Orc:2)
  3 spriggan berserkers
  4 sun demons (WizLab)
  A shock serpent (shapeshifter) (Elf:3)
  3 soul eaters
  3 storm dragon zombies
  2 titan skeletons (Depths:4)
  2 fire crabs (shapeshifter)
  16 hell knights
  28 skeletal warriors
  Nergalle (Lair:4)
  A shadow wraith (Crypt:3)
  30 deep elf knights
  10 flayed ghosts
  40 deep trolls
  3 iron trolls
  A quicksilver dragon simulacrum (Crypt:2)
  A golden dragon zombie (Crypt:3)
  3 storm dragon skeletons (Depths:4)
  2 spriggan druids
  6 wizards
  2 glowing orange brains
  An anaconda skeleton (Crypt:1)
  16 deep elf archers
  4 unseen horrors
  8 swamp dragons
  A death drake (shapeshifter) (Vaults:5)
  An obsidian statue (D:13)
  4 shambling mangroves
  14 ironbrand convokers
  2 golden dragon skeletons (Depths:4)
  A harpy (shapeshifter) (Vaults:5)
  9 wolf spider zombies (Spider:2)
  25 orc knights
  2 stone giant zombies (Crypt:3)
  10 necromancers
  18 phantasmal warriors
  2 tengu skeletons (Depths:4)
  2 shadow dragon skeletons (Depths:4)
  23 orb spiders
  12 harpies
  5 orc sorcerers
  27 wolf spiders
  86 deep elf magi
  39 ugly things
  A fire giant zombie (Crypt:3)
  A faun (shapeshifter) (Elf:1)
  2 manticores
  4 oklob plants (Lair:4)
  A moth of wrath (shapeshifter) (Depths:2)
  2 human zombies
  2 frost giant skeletons (Depths:4)
  A salamander (shapeshifter) (Vaults:5)
  Joseph (D:8)
  2 iron dragon skeletons (Depths:4)
  An elephant (shapeshifter) (Elf:2)
  A sphinx skeleton (Depths:4)
  2 cyclopes
  A stone giant skeleton (Vaults:2)
  5 moths of wrath
  12 vault sentinels
  An elephant (Lair:6)
  A gargoyle (D:14)
  2 black mambas
  A black mamba (shapeshifter) (Depths:3)
  A torpor snail (Spider:1)
  A water nymph (shapeshifter) (Vaults:4)
  19 spiny frogs
  A storm dragon simulacrum (Vaults:3)
  Psyche (D:8)
  2 spiny frogs (shapeshifter)
  19 komodo dragons
  2 spriggan skeletons (Depths:4)
  3 kobold demonologists
  A rime drake (shapeshifter) (Vaults:5)
  10 freezing wraiths
  3 komodo dragons (shapeshifter)
  An emperor scorpion zombie (Crypt:3)
  33 yaktaurs
  A hellion (WizLab)
  9 redback zombies (Spider:2)
  13 demonic crawlers
  5 rime drakes
  8 guardian mummies
  2 red devils (WizLab)
  An ice devil (WizLab)
  5 meliai
  28 jumping spiders
  7 trolls
  A polar bear (shapeshifter) (D:13)
  3 tengu conjurers
  3 wind drakes (shapeshifter)
  5 tyrant leeches
  4 polar bears (Lair:6)
  A merfolk (shapeshifter) (Vaults:5)
  Prince Ribbit (D:13)
  A hornet (shapeshifter) (Vaults:1)
  A wolf spider simulacrum (Crypt:2)
  A hydra zombie (Crypt:3)
  21 hornets
  18 blink frogs
  2 jumping spiders (shapeshifter) (Depths:3)
  24 slime creatures
  A raiju (shapeshifter) (Vaults:2)
  2 alligator zombies
  11 dream sheep (Lair:6)
  8 bog bodies
  A fire dragon zombie (Crypt:1)
  2 dream sheep (shapeshifter)
  A stone giant simulacrum (Crypt:1)
  11 hippogriffs
  An ice dragon zombie (Crypt:3)
  9 tarantella zombies (Spider:2)
  7 air elementals
  28 flying skulls
  7 shadows
  68 redbacks
  2 ynoxinuls (WizLab)
  34 tarantellas
  4 water elementals
  An ettin skeleton (Crypt:2)
  4 spriggans
  18 humans (D:14)
  26 vampires
  7 wyverns
  A centaur simulacrum (D:15)
  4 wraiths
  17 yaks
  4 fire elementals
  A yak (shapeshifter) (Vaults:4)
  4 ushabtiu (Tomb:1)
  3 basilisks
  4 hogs (Lair:4)
  A hog (shapeshifter) (Depths:3)
  4 hungry ghosts
  A chaos spawn (Depths:5)
  10 wargs
  13 vampire mosquitoes
  A soldier ant (shapeshifter) (Depths:5)
  A catoblepas simulacrum (Crypt:2)
  A yaktaur simulacrum (Vaults:2)
  4 insubstantial wisps (Swamp:4)
  4 large abominations (Depths:5)
  An acid dragon (Vaults:2)
  9 soldier ants
  21 swamp worms
  Edmund (D:6)
  11 water moccasins
  8 porcupines
  A torturous demonspawn skeleton (Crypt:1)
  A floating eye (Depths:1)
  12 swamp drakes
  44 orc warriors
  A snapping turtle zombie (Crypt:2)
  A black bear (D:12)
  10 hell hounds
  4 sky beasts
  Purgy (D:3)
  6 ice beasts
  5 phantoms
  12 boggarts
  12 centaurs
  35 ogres
  19 wolves
  An eye of draining (shapeshifter) (Vaults:3)
  2 necrophages
  6 elf skeletons
  8 small abominations (Depths:5)
  12 crocodiles
  A big kobold (shapeshifter) (Vaults:3)
  3 big kobolds
  2 hog skeletons
  14 bullfrogs
  2 human skeletons
  5 earth elementals
  33 scorpions
  A water moccasin skeleton (D:5)
  A shapeshifter zombie (Crypt:1)
  7 killer bees
  A queen bee zombie (Crypt:1)
  17 wights
  5 electric eels
  2 howler monkeys
  A troll skeleton (Crypt:1)
  2 quasits
  3 crimson imps
  A bullfrog zombie (D:5)
  3 centaur zombies
  5 jellies
  23 orc wizards
  2 bullfrog skeletons
  2 centaur skeletons (D:7)
  23 orc priests
  5 hounds
  An iron imp (Depths:1)
  Terence (D:3)
  3 iguanas (D:5)
  2 hell rats (D:8)
  33 worker ants
  A dwarf skeleton (Crypt:2)
  8 ogre zombies (D:10)
  2 mummies (Tomb:1)
  2 hound skeletons
  A worker ant zombie (D:7)
  13 adders
  7 river rats
  A swamp drake skeleton (Crypt:3)
  A swamp drake zombie (Crypt:1)
  3 shadow imps
  2 white imps
  3 oozes
  2 adder skeletons
  14 worms
  A dart slug (D:1)
  10 leopard geckos
  68 orcs
  A bat skeleton (Crypt:1)
  5 giant cockroaches
  9 goblins
  3 hobgoblins
  8 jackals
  9 quokkas
  A ball python zombie (Crypt:3)
  11 bats
  A dart slug zombie (Crypt:1)
  4 frilled lizards
  A frilled lizard skeleton (Crypt:1)
  2 goblin skeletons (D:10)
  5 goblin zombies (D:10)
  A hobgoblin skeleton (D:10)
  A jackal skeleton (Crypt:3)
  12 kobolds
  A kobold skeleton (Crypt:2)
  2 leopard gecko skeletons
  5 orc skeletons (D:10)
  12 orc zombies (D:10)
  A quokka zombie (Crypt:3)
  22 rats
  A rat skeleton (Crypt:1)
  11 briar patches
  A fungus (D:6)
  8 plants
2493 creatures vanquished.

Vanquished Creatures (others)
  2 deep elf master archers
  A deep elf blademaster (Crypt:3)
  A fire giant (WizLab)
  A vault warden (Vaults:5)
  A ghost moth (Spider:3)
  2 stone giants
  An ironheart preserver (Vaults:5)
  A deep elf annihilator (Elf:1)
  A vampire knight (Depths:2)
  4 yaktaur captains
  3 deep elf archers
  An orc knight (Orc:2)
  An ironbrand convoker (Vaults:5)
  A wolf spider (Spider:3)
  A cyclops (D:14)
  2 deep elf magi
  13 yaktaurs
  A jumping spider (Spider:3)
  A meliai (Spider:3)
  2 hornets (Swamp:4)
  A tarantella (Spider:2)
  A boggart (Depths:1)
  An orc wizard (Orc:2)
  An orc (Vaults:2)
  13 fungi
  18 plants
76 creatures vanquished.

Grand Total: 2569 creatures vanquished

Notes
Turn   | Place    | Note
-------+----------+-------------------------------------------
     0 | D:1      | inmateoo the Formicid Fighter began the quest for the Orb.
     0 | D:1      | Reached XP level 1. HP: 18/18 MP: 1/1
     4 | D:1      | You fall through a shaft!
    12 | D:2      | Reached XP level 2. HP: 13/24 MP: 2/2
   248 | D:2      | You fall through a shaft!
   253 | D:3      | You fall through a shaft for 2 floors!
   253 | D:5      | Entered Level 5 of the Dungeon
   281 | D:5      | Reached skill level 3 in Axes
   281 | D:5      | Reached XP level 3. HP: 16/29 MP: 3/3
   516 | D:5      | Noticed a centaur
   516 | D:5      | Noticed a sky beast
   522 | D:5      | Reached skill level 4 in Axes
   522 | D:5      | Reached XP level 4. HP: 33/35 MP: 4/4
   528 | D:5      | Reached skill level 5 in Axes
   528 | D:5      | Reached XP level 5. HP: 23/41 MP: 5/5
   530 | D:5      | Killed a centaur
   530 | D:5      | Reached skill level 6 in Axes
   530 | D:5      | Reached XP level 6. HP: 15/47 MP: 6/6
   540 | D:5      | Killed a sky beast
   553 | D:5      | Gained mutation: Armour fits poorly on your strangely shaped body. [mutagenic meat]
   554 | D:5      | Gained mutation: You are resistant to electric shocks. (rElec) [mutagenic meat]
   555 | D:5      | Gained mutation: You are partially covered in molten scales. (AC +2) [mutagenic meat]
   556 | D:5      | Lost mutation: Armour fits poorly on your strangely shaped body. [mutagenic meat]
   801 | D:5      | Reached skill level 7 in Axes
   801 | D:5      | Reached XP level 7. HP: 34/52 MP: 7/7
   934 | D:5      | Got a pitted spear
   944 | D:5      | Identified the +2 spear of Megalomania {flame, Str+3} (You found it on level 5 of the Dungeon)
  1059 | D:5      | Found a shadowy altar of Dithmenos.
  1698 | D:4      | Found a deep blue altar of Sif Muna.
  1944 | D:4      | Found an iron altar of Okawaru.
  1944 | D:4      | Found a burning altar of Makhleb.
  2089 | D:4      | Became a worshipper of Warmaster Okawaru
  2501 | D:3      | Noticed Terence
  2511 | D:3      | Noticed Purgy
  2526 | D:3      | Killed Purgy
  2526 | D:3      | Reached XP level 8. HP: 51/60 MP: 8/8
  2692 | D:3      | Killed Terence
  4638 | D:6      | Reached * piety under Okawaru
  4638 | D:6      | Reached skill level 8 in Axes
  4817 | D:6      | Noticed Edmund
  4856 | D:6      | Killed Edmund
  4856 | D:6      | Reached skill level 5 in Shields
  4856 | D:6      | Reached skill level 1 in Invocations
  4999 | D:6      | Reached skill level 5 in Fighting
  5015 | D:6      | Reached ** piety under Okawaru
  5186 | D:6      | Reached XP level 9. HP: 65/68 MP: 10/10
  5404 | D:5      | Reached skill level 5 in Armour
  5556 | D:6      | Reached skill level 9 in Axes
  6043 | D:7      | Found a staircase to the Ecumenical Temple.
  6369 | D:7      | Found a sacrificial altar of Ru.
  6372 | D:7      | Found a bloodstained altar of Trog.
  6375 | D:7      | Found a shattered altar of Ashenzari.
  6454 | D:8      | Reached *** piety under Okawaru
  6475 | D:8      | Noticed Psyche
  6483 | D:8      | Killed Psyche
  6590 | D:8      | Noticed Joseph
  6623 | D:8      | Killed Joseph
  6623 | D:8      | Reached skill level 10 in Axes
  6623 | D:8      | Reached XP level 10. HP: 60/76 MP: 13/13
  6792 | D:8      | Found Medoteck's Armour Emporium.
  6797 | D:8      | Bought a +0 pair of boots for 67 gold pieces
  6807 | D:8      | Noticed a two-headed ogre
  7038 | D:8      | Found Kalleczady's Food Emporium.
  7060 | D:8      | Found Womitt's Gadget Shoppe.
  7156 | D:8      | Found Hipsuthrosa's Assorted Antiques.
  7166 | D:8      | Reached skill level 5 in Invocations
  7176 | D:8      | Bought a fizzy emerald potion for 18 gold pieces
  7176 | D:8      | Bought a scroll labeled PAULIE YHUCW for 20 gold pieces
  7176 | D:8      | Bought a scroll labeled KEUHEMETWU for 20 gold pieces
  7176 | D:8      | Bought a scroll labeled DOMNALEPTE for 20 gold pieces
  7176 | D:8      | Bought a viscous white potion for 18 gold pieces
  7270 | D:8      | Reached **** piety under Okawaru
  7515 | D:8      | You fall through a shaft for 3 floors!
  7515 | D:11     | Found Hoxub's Food Shop.
  7518 | D:11     | Noticed a centaur warrior
  7528 | D:11     | Received a gift from Okawaru
  7534 | D:11     | Killed a centaur warrior
  7595 | D:10     | Entered Level 10 of the Dungeon
  7595 | D:10     | Found Nacaud's Armour Shop.
  7660 | D:9      | Noticed Gastronok
  7857 | D:8      | Killed a two-headed ogre
  7857 | D:8      | Reached ***** piety under Okawaru
  7857 | D:8      | Reached skill level 11 in Axes
  8066 | D:9      | Reached XP level 11. HP: 75/84 MP: 15/15
  8219 | D:9      | Found a staircase to the Lair.
  8388 | D:9      | Found a runed door.
  8393 | D:9      | Noticed a sixfirhy
  8414 | D:9      | Gained mutation: Your mind is acute. (Int +2) [mutagenic meat]
  8415 | D:9      | Gained mutation: Your body sometimes deteriorates upon taking damage. [mutagenic meat]
  8416 | D:9      | Gained mutation: You are partially covered in yellow scales. (AC +2) [mutagenic meat]
  8463 | D:9      | Noticed a two-headed ogre
  8476 | D:9      | Killed a two-headed ogre
  8476 | D:9      | Received a gift from Okawaru
  9101 | D:10     | Found a glowing golden altar of the Shining One.
  9101 | D:10     | Noticed a two-headed ogre
  9113 | D:10     | Killed a two-headed ogre
  9145 | D:10     | Noticed inmateoo's ghost (journeyman FoFi)
  9188 | Lair:1   | Entered Level 1 of the Lair of Beasts
  9191 | Lair:1   | Noticed a four-headed hydra
  9194 | Lair:1   | Noticed a seven-headed hydra
  9207 | Lair:1   | Killed a four-headed hydra
  9207 | Lair:1   | Reached skill level 12 in Axes
  9227 | Lair:1   | Killed a seven-headed hydra
  9227 | Lair:1   | Received a gift from Okawaru
  9363 | Lair:1   | Found a labyrinth entrance.
  9375 | Lab      | Entered a labyrinth
 10604 | Lab      | Noticed a minotaur
 10622 | Lab      | Killed a minotaur
 10622 | Lab      | Reached XP level 12. HP: 29/95 MP: 16/18
 10624 | Lab      | Got a crystal mace {vamp}
 10632 | Lab      | Got a transparent battleaxe
 10634 | Lab      | Identified the +9 battleaxe of Battle {chop, rPois Int-2 Dex+3 SInv} (You found it in a labyrinth)
 11600 | Lair:2   | Identified a scroll of acquirement
 11603 | Lair:2   | Got a pair of shimmering boots
 11615 | Lair:2   | Identified the +0 pair of boots of the Trilobite {rPois MP+9} (You acquired it on level 2 of the Lair of Beasts)
 11633 | Lair:2   | Reached skill level 13 in Axes
 12816 | Lair:3   | Received a gift from Okawaru
 12816 | Lair:3   | Reached skill level 10 in Fighting
 13049 | Lair:3   | Reached skill level 1 in Dodging
 13054 | Lair:3   | Noticed Harold
 13083 | Lair:3   | Killed Harold
 13112 | Lair:3   | Found a staircase to the Swamp.
 13370 | Lair:3   | Reached skill level 10 in Armour
 13370 | Lair:3   | Reached XP level 13. HP: 103/104 MP: 19/19
 13403 | Lair:3   | Found a hole to the Spider Nest.
 14015 | Lair:4   | Noticed Kirke
 14019 | Lair:4   | Received a gift from Okawaru
 14027 | Lair:4   | Killed Kirke
 14027 | Lair:4   | Reached ****** piety under Okawaru
 14027 | Lair:4   | Reached skill level 14 in Axes
 14118 | Lair:4   | Received a gift from Okawaru
 14203 | Lair:4   | Noticed Nergalle
 14210 | Lair:4   | Killed Nergalle
 15302 | Lair:5   | Noticed a seven-headed hydra
 15309 | Lair:5   | Killed a nine-headed hydra
 15309 | Lair:5   | Received a gift from Okawaru
 15343 | Lair:5   | Noticed an eight-headed hydra
 15353 | Lair:5   | Killed a six-headed hydra
 15870 | Lair:6   | Entered Level 6 of the Lair of Beasts
 15893 | Lair:6   | Found a staircase to the Slime Pits.
 15893 | Lair:6   | Found a viscous altar of Jiyva.
 15918 | Lair:6   | Received a gift from Okawaru
 15921 | Lair:6   | Got a pitted scarf {god gift}
 15924 | Lair:6   | Reached skill level 15 in Axes
 15926 | Lair:6   | Reached skill level 5 in Dodging
 15926 | Lair:6   | Reached XP level 14. HP: 90/113 MP: 20/20
 15974 | Lair:6   | Identified the scarf of the Snake Pit {+Blink SInv Stlth-} (Okawaru gifted it to you on level 6 of the Lair of Beasts)
 16178 | Lair:6   | Noticed a dire elephant
 16188 | Lair:6   | Killed a dire elephant
 16518 | Lair:6   | Received a gift from Okawaru
 16723 | Lair:6   | Received a gift from Okawaru
 16740 | Lair:6   | Got a smoking cloak {god gift}
 16752 | Lair:6   | Identified the +0 cloak "Disorgha" {rF+ Dex+3} (Okawaru gifted it to you on level 6 of the Lair of Beasts)
 17680 | D:10     | Found Otoocoex's Assorted Antiques.
 17685 | D:10     | Bought a scroll of identify for 54 gold pieces
 17685 | D:10     | Bought a scroll labeled QUHUHO WIUV for 27 gold pieces
 17765 | D:10     | Reached skill level 16 in Axes
 17854 | D:10     | Found Sebaoji's General Store.
 17953 | D:10     | Found a staircase to the Orcish Mines.
 18170 | D:10     | Killed inmateoo's ghost
 18465 | D:11     | Found Oruohe Nuorph's Book Shoppe.
 18482 | D:11     | Found Jowk's Gadget Emporium.
 18503 | D:11     | Found Lusoot's Magic Scroll Shop.
 18508 | D:11     | Bought a scroll of identify for 24 gold pieces
 18508 | D:11     | Bought a scroll of fog for 24 gold pieces
 18508 | D:11     | Bought a scroll of teleportation for 36 gold pieces
 18522 | D:11     | Found Zorch's Armour Shop.
 18677 | D:11     | Killed Gastronok
 18677 | D:11     | Reached XP level 15. HP: 109/122 MP: 21/21
 19229 | D:12     | Received a gift from Okawaru
 19362 | D:12     | Found a shattered altar of Ashenzari.
 19542 | D:12     | Gained mutation: You are frail. (-10% HP) [mutagenic meat]
 19543 | D:12     | Gained mutation: Your flesh is cold resistant. (rC+) [mutagenic meat]
 19544 | D:12     | Gained mutation: Your magical capacity is low. (-10% MP) [mutagenic meat]
 19981 | D:13     | Found a flickering gateway to a bazaar.
 19990 | D:13     | Gained mutation: You are partially covered in slimy green scales. (AC +2) [mutagenic meat]
 19995 | Bazaar   | Entered a bazaar
 20001 | Bazaar   | Found Qoremnit's Food Shop.
 20006 | Bazaar   | Found Hetuas's Antique Armour Emporium.
 20009 | Bazaar   | Found Xool's Food Boutique.
 20016 | Bazaar   | Found Qerol's Jewellery Boutique.
 20024 | Bazaar   | Bought the brooch of Shielding {Reflect SH+8} for 1381 gold pieces
 20050 | Bazaar   | Found Lyegec's Weapon Emporium.
 20541 | D:13     | Noticed Erolcha
 20544 | D:13     | Killed Erolcha
 20554 | D:13     | Noticed Prince Ribbit
 20559 | D:13     | Killed Prince Ribbit
 20719 | D:13     | Noticed Azrael
 20755 | D:13     | Killed Azrael
 21080 | D:13     | Got a pitted silver ring
 21083 | D:13     | Got a smoking steel ring
 21088 | D:13     | Identified the ring "Zahoesut" {rCorr rC+ Str+4} (You found it on level 13 of the Dungeon)
 21090 | D:13     | Identified the ring of Cowardice {+Blink rF+ Str-5 Int-4 Dex+6} (You found it on level 13 of the Dungeon)
 21200 | D:14     | Lost mutation: You are partially covered in yellow scales. (AC +2) [mutagenic meat]
 21205 | D:14     | Lost mutation: Your flesh is cold resistant. (rC+) [mutagenic meat]
 21214 | D:14     | Found a snail-covered altar of Cheibriados.
 21825 | D:14     | Found a blossoming altar of Fedhas.
 22178 | D:14     | Reached skill level 17 in Axes
 22205 | D:14     | Received a gift from Okawaru
 22221 | D:14     | Found a gate to the Vaults.
 22400 | D:15     | Entered Level 15 of the Dungeon
 22414 | D:15     | Reached XP level 16. HP: 117/117 MP: 19/19
 22675 | D:15     | Found a staircase to the Depths.
 22675 | D:15     | Noticed a fire giant
 22689 | D:15     | Killed a fire giant
 22861 | Orc:1    | Entered Level 1 of the Orcish Mines
 22932 | Orc:2    | Entered Level 2 of the Orcish Mines
 22936 | Orc:2    | Noticed Nessos
 22950 | Orc:2    | Killed Nessos
 23324 | Orc:2    | Found a staircase to the Elven Halls.
 23484 | Orc:2    | Found a burning altar of Makhleb.
 23574 | Orc:2    | Found Koja's Distillery.
 23606 | Orc:2    | Received a gift from Okawaru
 23615 | Orc:2    | Found Bamakhlek's Assorted Antiques.
 23619 | Orc:2    | Found Pec Gangi's Magic Scroll Shoppe.
 23620 | Orc:2    | Found Unleqaox's Jewellery Boutique.
 24010 | D:8      | Bought the +4 large shield "Bodurotsoe" {MR+ MP+9 Str-4 Stlth+} for 756 gold pieces
 24137 | Swamp:1  | Entered Level 1 of the Swamp
 25013 | Swamp:2  | Received a gift from Okawaru
 25352 | Swamp:2  | Found a hide-covered altar of Uskayaw.
 25832 | Swamp:3  | Found a frozen archway.
 26069 | Swamp:3  | Noticed a thorn hunter
 26083 | Swamp:3  | Killed a thorn hunter
 26312 | Swamp:3  | Reached XP level 17. HP: 123/124 MP: 20/20
 26586 | Swamp:4  | Entered Level 4 of the Swamp
 26586 | Swamp:4  | Noticed a thorn hunter
 26593 | Swamp:4  | Killed a thorn hunter
 26593 | Swamp:4  | Reached skill level 18 in Axes
 26890 | Swamp:4  | Noticed Louise
 26906 | Swamp:4  | Killed Louise
 26906 | Swamp:4  | Received a gift from Okawaru
 26930 | Swamp:4  | Got a decaying rune of Zot
 27141 | Swamp:4  | Noticed a thorn hunter
 27158 | Swamp:4  | Killed a thorn hunter
 27200 | Swamp:4  | Reached skill level 10 in Shields
 27561 | Spider:1 | Entered Level 1 of the Spider Nest
 27678 | Spider:1 | Reached skill level 10 in Dodging
 27938 | Spider:1 | Reached XP level 18. HP: 124/132 MP: 21/21
 28061 | Spider:1 | Received a gift from Okawaru
 28805 | Spider:2 | Received a gift from Okawaru
 28889 | Spider:2 | Reached skill level 19 in Axes
 28903 | Spider:2 | Got a spiked troll leather armour {god gift}
 28904 | Spider:2 | Identified the +1 troll leather armour of Polish {rElec rF+ Regen+} (Okawaru gifted it to you on level 2 of the Spider Nest)
 29000 | Spider:3 | Noticed Nikola
 29017 | Spider:3 | Killed Nikola
 29927 | Spider:3 | Reached skill level 15 in Armour
 30154 | Spider:3 | Reached skill level 15 in Fighting
 30286 | Spider:4 | Entered Level 4 of the Spider Nest
 30331 | Spider:4 | Reached XP level 19. HP: 102/139 MP: 22/22
 30746 | Spider:4 | Received a gift from Okawaru
 31208 | Spider:4 | Received a gift from Okawaru
 31216 | Spider:4 | Gained mutation: Scrolls take you a little longer to read. [mutagenic meat]
 31217 | Spider:4 | Gained mutation: You are resistant to hostile enchantments. (MR+) [mutagenic meat]
 31218 | Spider:4 | Gained mutation: Scrolls take you longer to read. [mutagenic meat]
 31220 | Spider:4 | Gained mutation: You are covered in fur. (AC +1) [mutagenic meat]
 31242 | Spider:4 | Got a gossamer rune of Zot
 31245 | Spider:4 | Lost mutation: Your mind is acute. (Int +2) [potion of mutation]
 31245 | Spider:4 | Lost mutation: Scrolls take you longer to read. [potion of mutation]
 31245 | Spider:4 | Lost mutation: Your magical capacity is low. (-10% MP) [potion of mutation]
 31245 | Spider:4 | Lost mutation: Scrolls take you a little longer to read. [potion of mutation]
 31245 | Spider:4 | Gained mutation: You passively map a small area around you. [potion of mutation]
 31245 | Spider:4 | Gained mutation: Your spells are a little harder to cast, but a little more powerful. [potion of mutation]
 31521 | Elf:1    | Entered Level 1 of the Elven Halls
 31659 | Elf:1    | Received a gift from Okawaru
 31789 | Elf:1    | Noticed Roxanne
 31807 | Elf:1    | Killed Roxanne
 31808 | Elf:1    | Identified Roxanne's Papyrus of Stones (You took it off Roxanne on level 1 of the Elven Halls)
 31922 | Elf:1    | Got a vibrating turquoise ring
 31923 | Elf:1    | Identified the ring of Feyloywn {rElec rF+ Int+3} (You found it on level 1 of the Elven Halls)
 32337 | Elf:1    | Noticed Asterion
 32349 | Elf:1    | Killed Asterion
 32385 | Elf:1    | Found Xioghali's Antique Armour Boutique.
 32389 | Elf:1    | Bought a pair of slimy gloves for 313 gold pieces
 32400 | Elf:1    | Identified the +1 pair of gloves of Watchfulness {Str+4} (You bought it in a shop on level 1 of the Elven Halls)
 32493 | Elf:1    | Got a translucent scale mail
 32504 | Elf:1    | Identified the +1 scale mail of New Discoveries {rC+} (You found it on level 1 of the Elven Halls)
 32788 | Elf:2    | Found a runed gate.
 32788 | Elf:2    | Found a runed gate.
 32788 | Elf:2    | Found a runed gate.
 32803 | Elf:2    | Found Letwaeb's Distillery.
 32810 | Elf:2    | Reached XP level 20. HP: 146/146 MP: 26/26
 32829 | Elf:2    | Bought a potion of curing for 45 gold pieces
 32829 | Elf:2    | Bought a potion of might for 60 gold pieces
 32829 | Elf:2    | Bought a potion of agility for 60 gold pieces
 32829 | Elf:2    | Bought a potion of resistance for 150 gold pieces
 32829 | Elf:2    | Bought a potion of curing for 45 gold pieces
 32829 | Elf:2    | Bought a potion of heal wounds for 75 gold pieces
 33012 | Elf:2    | Upgraded the game from 0.20-a0-984-ge8aa303 to 0.20-a0-993-gba41c3c
 33052 | Elf:2    | Reached skill level 20 in Axes
 33262 | Elf:2    | Received a gift from Okawaru
 33441 | Elf:2    | Reached skill level 15 in Shields
 33634 | Elf:3    | Entered Level 3 of the Elven Halls
 34099 | Elf:3    | Reached XP level 21. HP: 150/153 MP: 27/27
 34665 | Elf:3    | Received a gift from Okawaru
 34801 | Elf:3    | Found a portal to a secret trove of treasure.
 35285 | Elf:3    | Noticed Jorgrun
 35298 | Elf:3    | Killed Jorgrun
 35600 | Elf:3    | Identified the +1 scale mail of Amorality {rElec rF+ rC+} (You found it on level 3 of the Elven Halls)
 35603 | Elf:3    | Identified the Grimoire of the Shifting Rocks
 35610 | Elf:3    | Learned a level 4 spell: Passage of Golubria
 35616 | Elf:3    | Learned a level 5 spell: Silence
 35623 | Elf:3    | Learned a level 6 spell: Deflect Missiles
 35626 | Elf:3    | Learned a level 2 spell: Passwall
 35627 | Elf:3    | Identified the Disquisition on Attacks
 35667 | Elf:3    | Learned a level 2 spell: Swiftness
 35669 | Elf:3    | Identified the +2 chain mail of the Ladybird {rElec rF+} (You found it on level 3 of the Elven Halls)
 35726 | Elf:3    | Got an encrusted large shield
 35728 | Elf:3    | Identified the -3 large shield of Boredom {rN++ Slay-6} (You acquired it on level 3 of the Elven Halls)
 36391 | Vaults:1 | Entered Level 1 of the Vaults
 36473 | Vaults:1 | Reached skill level 1 in Charms
 36477 | Vaults:1 | Noticed a Brimstone Fiend
 36482 | Vaults:1 | Reached skill level 1 in Spellcasting
 36485 | Vaults:1 | Reached skill level 1 in Earth Magic
 36562 | Vaults:1 | Received a gift from Okawaru
 36818 | Vaults:1 | Lost mutation: You are resistant to hostile enchantments. (MR+) [mutagenic meat]
 36819 | Vaults:1 | Gained mutation: Your system is resistant to poisons. (rPois) [mutagenic meat]
 36821 | Vaults:1 | Gained mutation: Your flesh is heat resistant. (rF+) [mutagenic meat]
 37017 | Vaults:1 | Reached skill level 21 in Axes
 37017 | Vaults:1 | Reached XP level 22. HP: 151/162 MP: 28/28
 37038 | Vaults:1 | Lost mutation: You are frail. (-10% HP) [mutagenic meat]
 37039 | Vaults:1 | Lost mutation: Your body sometimes deteriorates upon taking damage. [mutagenic meat]
 37054 | Vaults:1 | Found a gateway to a bazaar.
 37373 | Bazaar   | Entered a bazaar
 37381 | Bazaar   | Found Niss's Antique Armour Shop.
 37407 | Bazaar   | Found Wodoitu's Gadget Shop.
 37430 | Bazaar   | Bought a pair of runed gloves for 150 gold pieces
 37854 | Vaults:2 | Found a staircase to the Crypt.
 38581 | Vaults:2 | Noticed Mennas
 38627 | Vaults:2 | Killed Mennas
 38627 | Vaults:2 | Received a gift from Okawaru
 38627 | Vaults:2 | Reached skill level 5 in Charms
 39172 | Vaults:2 | Found Nuvoon's Weapon Emporium.
 39274 | Vaults:2 | Received a gift from Okawaru
 39485 | Vaults:3 | Received a gift from Okawaru
 39599 | Vaults:3 | Reached skill level 5 in Earth Magic
 39603 | Vaults:3 | Reached XP level 23. HP: 182/187 MP: 29/29
 40791 | Vaults:4 | Reached skill level 5 in Spellcasting
 40870 | Vaults:4 | Received a gift from Okawaru
 40926 | Vaults:4 | Found a roughly hewn altar of Beogh.
 41574 | Vaults:4 | Received a gift from Okawaru
 41574 | Vaults:4 | Reached XP level 24. HP: 152/195 MP: 31/31
 42097 | Vaults:5 | Entered Level 5 of the Vaults
 42420 | Vaults:5 | Received a gift from Okawaru
 42766 | Vaults:5 | Reached skill level 22 in Axes
 42793 | Vaults:5 | Noticed a golden dragon
 42796 | Vaults:5 | Noticed an ancient lich
 42806 | Vaults:5 | Noticed Boris
 42811 | Vaults:5 | Noticed an ancient lich
 42814 | Vaults:5 | Killed an ancient lich
 42814 | Vaults:5 | Reached XP level 25. HP: 88/203 MP: 33/33
 42816 | Vaults:5 | Received a gift from Okawaru
 42826 | Vaults:5 | Reached skill level 10 in Charms
 42832 | Vaults:5 | Killed an ancient lich
 42850 | Vaults:5 | Killed Boris
 43217 | Vaults:5 | Got a fine platinum ring
 43220 | Vaults:5 | Got an ichor-stained chain mail {god gift}
 43221 | Vaults:5 | Identified the +1 chain mail "Hiock" {rN+} (Okawaru gifted it to you on level 5 of the Vaults)
 43223 | Vaults:5 | Identified the ring "Meguiw" {Ice *Corrode +Fly rN++ Dex+2} (You took it off a tengu reaver on level 5 of the Vaults)
 43367 | Vaults:5 | Got a silver rune of Zot
 44057 | Vaults:5 | Learned a level 6 spell: Invisibility
 44063 | Vaults:5 | Learned a level 5 spell: Lee's Rapid Deconstruction
 44087 | Vaults:5 | Got a warped plate armour
 44088 | Vaults:5 | Identified the +0 plate armour of the Worm {*Corrode rC+ Str+6} (You found it on level 5 of the Vaults)
 44109 | Vaults:5 | Identified the +5 chain mail "Qurghetie" {rElec rC+ rN+} (You took it off a vault warden on level 5 of the Vaults)
 44359 | Depths:1 | Entered Level 1 of the Depths
 44372 | Depths:1 | Received a gift from Okawaru
 44388 | Depths:1 | Got a pair of brightly glowing boots {god gift}
 44389 | Depths:1 | Identified the +3 pair of boots "Xeylligi" {Slay+2} (Okawaru gifted it to you on level 1 of the Depths)
 44971 | Depths:1 | Found a one-way gate to the infinite horrors of the Abyss.
 45308 | Depths:1 | Found a gateway to Hell.
 45511 | Depths:1 | Reached XP level 26. HP: 183/211 MP: 34/34
 45875 | Depths:2 | Found a one-way gate leading to the halls of Pandemonium.
 45907 | Depths:2 | Received a gift from Okawaru
 45952 | Depths:2 | Found Vafamih's Jewellery Boutique.
 45953 | Depths:2 | Found Efysoch's Gadget Emporium.
 45954 | Depths:2 | Found Kazalup's Jewellery Boutique.
 45969 | Depths:2 | Bought the ring of Wediank {*Corrode rN++ Str+3 Int+5} for 1366 gold pieces
 46276 | Depths:2 | Reached skill level 10 in Earth Magic
 46681 | Depths:3 | Found Juen's Food Emporium.
 46682 | Depths:3 | Found Dafompo's General Store.
 46682 | Depths:3 | Found Ysaigyg's Gadget Emporium.
 46685 | Depths:3 | Found Noklapte's Antique Armour Shoppe.
 46700 | Depths:3 | Bought a scroll of brand weapon for 300 gold pieces
 46700 | Depths:3 | Bought a scroll of identify for 30 gold pieces
 46734 | Depths:3 | Found a gateway to a ziggurat.
 46808 | Depths:3 | Reached skill level 23 in Axes
 46814 | Depths:3 | Received a gift from Okawaru
 46860 | Depths:3 | Noticed a juggernaut
 46921 | Depths:3 | Reached XP level 27. HP: 207/219 MP: 36/36
 46923 | Depths:3 | Killed a juggernaut
 46991 | Depths:3 | Learned a level 2 spell: Song of Slaying
 46994 | Depths:3 | Learned a level 2 spell: Shroud of Golubria
 46998 | Depths:3 | Learned a level 3 spell: Regeneration
 47003 | Depths:3 | Learned a level 3 spell: Spectral Weapon
 47150 | Depths:3 | Received a gift from Okawaru
 47150 | Depths:3 | Reached skill level 1 in Hexes
 47159 | Depths:3 | Noticed a juggernaut
 47167 | Depths:3 | Killed a juggernaut
 47167 | Depths:3 | Reached skill level 1 in Air Magic
 47310 | Depths:3 | Noticed a juggernaut
 47325 | Depths:3 | Killed a juggernaut
 47640 | Depths:4 | Received a gift from Okawaru
 47971 | Depths:4 | Found Zafovvi's Antique Weapon Emporium.
 48406 | Depths:5 | Entered Level 5 of the Depths
 48777 | Depths:5 | Learned a level 1 spell: Apportation
 48856 | Depths:5 | Received a gift from Okawaru
 48856 | Depths:5 | Reached skill level 10 in Spellcasting
 48859 | Depths:5 | Got a pitted chain mail {god gift}
 48860 | Depths:5 | Identified the +4 chain mail of the Cricket {rN+} (Okawaru gifted it to you on level 5 of the Depths)
 48925 | Depths:5 | Reached skill level 5 in Hexes
 49098 | Depths:5 | Found a gate to the Realm of Zot.
 49503 | D:10     | Fell from the grace of Okawaru
 49503 | D:10     | Became a worshipper of the Shining One
 49687 | Crypt:1  | Entered Level 1 of the Crypt
 49770 | Crypt:1  | Found a magical portal.
 49779 | WizLab   | Entered The Hall of the Hellbinder
 49955 | WizLab   | Reached * piety under the Shining One
 50058 | WizLab   | Reached ** piety under the Shining One
 50446 | WizLab   | Found a burning altar of Makhleb.
 50483 | WizLab   | Identified Sif Muna's Incunabulum of Creation
 50495 | WizLab   | Learned a level 4 spell: Summon Lightning Spire
 50516 | WizLab   | Identified Deomisk's Collected Works on Calling
 50662 | Crypt:1  | Reached *** piety under the Shining One
 50790 | Crypt:1  | Reached **** piety under the Shining One
 51239 | Crypt:2  | Reached ***** piety under the Shining One
 51256 | Crypt:2  | Reached skill level 15 in Charms
 52019 | Crypt:3  | Entered Level 3 of the Crypt
 52087 | Crypt:3  | Reached ****** piety under the Shining One
 52099 | Crypt:3  | Identified a +7 executioner's axe of holy wrath (a +5 executioner's axe of draining blessed by the Shining One)
 52099 | Crypt:3  | Received a gift from the Shining One
 52110 | Crypt:3  | Found a staircase to the Tomb.
 52126 | Crypt:3  | Noticed Margery
 52141 | Crypt:3  | Killed Margery
 52493 | Crypt:3  | Noticed Jory
 52505 | Crypt:3  | Reached skill level 5 in Air Magic
 52510 | Crypt:3  | Killed Jory
 52588 | Crypt:3  | Reached skill level 15 in Dodging
 52604 | Crypt:3  | Got a smoking amber ring
 52604 | Crypt:3  | Got a brightly glowing brass ring
 52606 | Crypt:3  | Identified the ring "Eghyoj" {rF+ rN+ MR- Dex+3} (You found it on level 3 of the Crypt)
 52607 | Crypt:3  | Identified the ring "Izafoy" {rPois rN+ MR+++ Str-3 Stlth-} (You found it on level 3 of the Crypt)
 53147 | Tomb:1   | Entered Level 1 of the Tomb of the Ancients
 53278 | Tomb:1   | Reached skill level 10 in Invocations
 53309 | Tomb:1   | Noticed a greater mummy
 53322 | Tomb:1   | Noticed a greater mummy
 53326 | Tomb:1   | HP: 10/217 [??? (3)]
 53326 | Tomb:1   | Killed from afar by a mummy priest

Vault maps used:
D:1:      minmay_arrival_shattered_statue, minmay_misc_feat_columns
D:2:      serial_bayou_crossing
D:3:      gup_sewer_entry_bubbles, minmay_crystal_room, uniq_purgy, uniq_terence
D:4:      nicolae_overflow_hidden_temple
D:5:      minmay_opposing_rooms, first_bread, minmay_fountain_box,
          nicolae_dithmenos_through_a_glass_darkly
D:6:      serial_aquarium, aquarium_bridge_long_joined,
          aquarium_bridge_straight, aquarium_window_1, aquarium_window_1,
          aquarium_window_fake, aquarium_window_1, aquarium_view_2d,
          aquarium_view_2a, uniq_edmund
D:7:      grunt_temple_overflow_diamond, minmay_temple_entry_poolview,
          serial_bayou_pond_e
D:8:      lemuel_ratsnest, serial_shops,
          nicolae_shop_competitors_out_of_business, shop, shop,
          kennysheep_little_box, uniq_psyche, uniq_joseph
D:9:      cheibrodos_shockbox, lair_entry_dummy, uniq_prince_ribbit1,
          uniq_gastronok
D:10:     zombieorc2_lemuel, basic_altar, serial_shops,
          nicolae_shop_statue_plus, shop, shop, hangedman_pestilent_swarm,
          statue_in_the_mist_lemuel
D:11:     serial_shops, shop, nicolae_shop_crystal, nicolae_shop_trees, shop,
          nicolae_shop_trees
D:12:     ashenzari_altar_1
D:13:     serial_shops, bzr_entry_safe, minivault_15, uniq_erolcha, uniq_azrael
D:14:     grunt_vaults_entry_tiered, basic_altar, fedhas_altar_1
D:15:     grunt_enter_depths_giant_problem, minmay_misc_feat_more_columns
Lair:1:   lab_entry_generic, st_stairs_12, serial_bayou_pond_a,
          beast_lair_carwin_5
Lair:2:   serial_bayou_ford_a, serial_bayou_shore_a
Lair:3:   minmay_swamp_entry_worms, spider_nest_entry_rubble, serial_bayou,
          serial_bayou_lagoon_a, serial_bayou_pond_e, serial_bayou_shore_b,
          serial_bayou_pond_e, serial_bayou_pond_a, serial_bayou_pond_a,
          uniq_harold
Lair:4:   minmay_hedge_maze, minmay_lair_oklob_chamber, uniq_nergalle,
          uniq_kirke
Lair:5:   serial_bayou_pond_a, nicolae_lair_grove_arrangements,
          grunt_megastairs_1
Lair:6:   gammafunk_lair_ancient_temple, slime_altar_1,
          infiniplex_staircase_pool
Swamp:1:  nicolae_swamp_rocky_clearing, swamp_pool1
Swamp:2:  basic_altar
Swamp:3:  portal_ice_cave_entry_pillars_four, evilmike_swamp_ruin_rubble_1
Swamp:4:  swamp_alternative, uniq_louise
Spider:1: spiders_nest_a
Spider:2: lemuel_spider_zombies, nicolae_crawler_farm
Spider:3: minmay_another_anthill, uniq_nikola
Spider:4: spider_rune_water, worms_lemuel
Orc:2:    st_orc_elflike, bloody_makhleb, uniq_nessos
Elf:1:    kennysheep_room_grid, serial_shops, nicolae_shop_stone,
          kennysheep_underground_church, uniq_roxanne, uniq_asterion
Elf:2:    serial_shops, shop, minivault_25, kilobyte_mutagenic_chamber
Elf:3:    minmay_elf_hall_furrowed, enter_trove_3, uniq_jorgrun
Vaults:1: nicolae_vaults_asterisk, v_misc_9, nicolae_vaults_alarming,
          ontoclasm_vaults_chip, v_misc_8, grunt_vaults_hallway_short,
          vaults_room_stairs_pillars, vaults_room_corners, serial_shops,
          bzr_entry_dummy
Vaults:2: v_misc_27, vaults_room_stairs_pillars, v_misc_17,
          minmay_crypt_entry_vampire_xt, nicolae_vaults_little_squares_2,
          hangedman_vaults_capsules, v_alt_pattern_4, hangedman_vaults_hat,
          v_misc_27, v_misc_8, v_misc_28, v_misc_29, nicolae_vaults_asterisk,
          nicolae_vaults_little_squares_6, v_misc_19, serial_shops,
          nicolae_shop_behind_doors, uniq_mennas
Vaults:3: grunt_vaults_trifunnel, grunt_vaults_hallway_long,
          nicolae_vaults_shelves_hall, nicolae_vaults_little_ls,
          vaults_room_stairs_pillars, vaults_dpeg_encased_lava,
          nicolae_vaults_disjoint_gnomons, nicolae_vaults_network_s,
          vaults_room_fours, ontoclasm_vaults_twist,
          nicolae_vaults_angled_halls, nicolae_vaults_little_squares_4,
          ontoclasm_vaults_shuriken, serial_glass
Vaults:4: hangedman_vaults_unwind, ontoclasm_vaults_decontamination,
          hangedman_vaults_stitches, nicolae_vaults_network_quinsquares,
          v_misc_16, v_alt_pattern_2, vaults_room_ringed_pool, vaults_dpeg_ring,
          vaults_dpeg_diagonal, nicolae_vaults_diagonal_hallway_7,
          grunt_vaults_funnel, special_room_vaults,
          ontoclasm_vaults_ring_square, vaults_room_hallway
Vaults:5: serial_shops, uniq_boris
Crypt:1:  mu_enter_wizlab_3, grunt_crypt_arrival_split
Crypt:3:  due_elkab, tomb_entry_simple_bobbens, uniq_margery
Depths:1: abyss_entry, nicolae_wwwww, grunt_hell_entry_dis_old,
          minmay_door_square, kennysheep_generic_room_3
Depths:2: minmay_expanding_circles, grunt_hell_horde, hangedman_decor_riveting,
          pan_entry, minmay_misc_feat_cross, infiniplex_staircase_trident,
          minmay_shop_grove
Depths:3: minmay_tearing_corner, enter_ziggurat_a, grunt_pan_entry_zigzag,
          hangedman_abyss_or_decor_jellyfish_corner, hell_entry, minivault_12,
          minmay_shoptagon, minmay_staircase_statues
Depths:4: minmay_skeleton_keep, abyss_entry, serial_shops,
          nicolae_shop_overgrown_old_shop, roderic_serpentine_path, hell_entry,
          serial_glass, glass_columns_a, glass_columns_b, feat_on_display
Depths:5: grunt_zot_entry_pinwheel, minmay_room_of_horrors,
          nrook_mini_backslash, hell_entry
Lab:      labyrinth_skeletal_remains
Bazaar:   bazaar_kb_twisted_cavern, bazaar_jpeg_cross
WizLab:   wizlab_demon

Skill      XL: |  1  2  3  4  5  6  7  8  9 10 11 12 13 14 15 16 17 18 19 20 21 22 23 24 25 26 27 |
---------------+----------------------------------------------------------------------------------+-----
Axes           | 3 4 5 6 7 8 10 11 12 13 15 16 17 18 19 20 21 22 23 | 23.9
Shields        | 4 5 6 8 10 12 14 15 16 17 18 19 20 21 | 21.0
Fighting       | 4 5 6 7 9 10 11 12 13 14 15 16 17 18 19 | 19.4
Armour         | 4 5 7 8 10 11 12 13 14 15 16 17 18 19 | 19.0
Invocations    | 2 4 6 8 10 | 10.9
Dodging        | 2 5 7 8 9 10 11 12 13 14 15 | 15.0
Charms         | 3 6 8 9 11 13 15 | 15.5
Spellcasting   | 2 4 5 6 7 9 10 | 10.7
Earth Magic    | 2 5 6 8 9 10 13 | 13.9
Hexes          | 7 |  7.5
Air Magic      | 5 |  5.0

Action                   |  1- 3 |  4- 6 |  7- 9 | 10-12 | 13-15 | 16-18 | 19-21 | 22-24 | 25-27 || total
-------------------------+-------+-------+-------+-------+-------+-------+-------+-------+-------++-------
Melee: War axe           |    21 |    25 |   147 |   345 |       |       |       |       |       ||   538
       Spear             |       |       |   435 |    25 |       |       |       |       |       ||   460
       Battleaxe         |       |       |       |   153 |   752 |  1056 |   910 |   899 |  1514 ||  5284
       Executioner's axe |       |       |       |       |       |       |       |       |   240 ||   240
 Cast: Song of Slaying   |       |       |       |       |       |       |       |       |     1 ||     1
Invok: Heroism           |       |       |       |     4 |     1 |     4 |     5 |     7 |     6 ||    27
       Finesse           |       |       |       |       |       |     2 |     2 |     2 |     3 ||     9
       Cleansing Flame   |       |       |       |       |       |       |       |       |     5 ||     5
       Brand Weapon With |       |       |       |       |       |       |       |       |     1 ||     1
 Abil: Shaft Self        |     3 |       |       |       |       |       |       |       |       ||     3
       Dig               |       |       |    13 |     5 |     5 |     5 |     3 |       |     5 ||    36
Evoke: Wand              |       |       |       |       |       |       |     1 |     1 |       ||     2
  Use: Potion            |     1 |       |     1 |     2 |     1 |     3 |     2 |    10 |     5 ||    25
       Scroll            |       |       |    13 |    15 |    14 |     4 |    11 |     3 |    19 ||    79
 Stab: Invisible         |       |       |     1 |       |       |       |       |     2 |     6 ||     9
       Distracted        |       |       |     1 |       |       |       |       |     1 |     2 ||     4
       Confused          |       |       |       |       |       |     1 |       |       |       ||     1
  Eat: Chunk             |       |     5 |    18 |    16 |    22 |    16 |    15 |    12 |     3 ||   107
       Royal jelly       |       |       |     1 |       |     4 |     2 |     5 |     1 |    12 ||    25
       Meat ration       |       |       |       |     3 |     2 |     1 |     1 |     1 |     1 ||     9
       Fruit             |       |       |       |       |     2 |    11 |     1 |     5 |     4 ||    23
Armor: Scale mail        |    14 |    15 |    54 |       |       |       |       |       |       ||    83
       Troll leather arm |       |       |    80 |       |       |       |       |       |       ||    80
       Plate armour      |       |       |   102 |   323 |   364 |   424 |   115 |       |       ||  1328
       Chain mail        |       |       |       |       |       |       |    16 |   112 |   235 ||   363
Dodge: Dodged            |    11 |    13 |   115 |   141 |   210 |   346 |   125 |   184 |   349 ||  1494
Block: Shield            |    12 |    12 |   247 |   291 |   488 |   105 |       |       |       ||  1155
       Reflection        |       |       |       |       |    19 |     8 |    87 |    86 |   107 ||   307
       Large shield      |       |       |       |       |       |  1332 |   837 |  1015 |  1920 ||  5104
